 Dungeon Sprint DCSS version 0.17-a0-1685-g57e755e (webtiles) character file.

20577 Kidiri the Unseen (level 12, -10/51 HPs)
             Began as a Spriggan Enchanter on Aug 19, 2015.
             Was the Champion of Dithmenos.
             Mangled by an anaconda (13 damage)
             ... in the Dungeon (Sprint III: "The Ten Rune Challenge").
             The game lasted 00:17:18 (3471 turns).

Kidiri the Unseen (Spriggan Enchanter)              Turns: 3471, Time: 00:17:19

Health: -10/51     AC:  3    Str:  4    XL:     12   Next: 46%
Magic:  22/32      EV: 40    Int: 18    God:    Dithmenos [******]
Gold:   48         SH:  0    Dex: 22    Spells: 11 memorised, 12 levels left

rFire  + . .     SeeInvis +     a - +2 dagger
rCold  . . .     Clarity  .     b - +1 robe
rNeg   . . .     SustAt   .     (shield restricted)
rPois  .         Gourm    .     (helmet restricted)
rElec  .         Spirit   .     (no cloak)
rCorr  .         Warding  .     (gloves unavailable)
rMut   .         NoTele   +     (boots unavailable)
MR     ++...                    (no amulet)
Stlth  ++++++++++               (no ring)
                                (no ring)

@: wreathed by umbra, very quick, very resistant to hostile enchantments,
uncannily stealthy
A: unfitting armour, repulsion field 2, see invisible, agile 2, dopey 1, fire
resistance 1, herbivore 3, speed 3, slow metabolism 2
a: Shadow Step, Shadow Form, Renounce Religion


You were in the Dungeon.
You worshipped Dithmenos.
Dithmenos was exalted by your worship.
You were not hungry.

You visited 1 branch You collected 48 gold pieces.

Inventory:

Hand weapons
 a - a +2 dagger (weapon)
Missiles
 q - 11 throwing nets (quivered)
Armour
 b - a +1 robe (worn)
Scrolls
 j - a scroll of blinking
 p - a scroll of holy word
Potions
 e - a potion of curing
 f - 2 potions of heal wounds
 g - a potion of haste
 h - 3 potions of magic
 i - a potion of lignification {unknown}
 k - a potion of berserk rage
 m - a potion of invisibility {unknown}
 n - 2 potions of cure mutation {unknown}
 o - 3 potions of flight
Comestibles
 c - 23 royal jellies
 d - a bread ration
 s - 10 fruits


   Skills:
 + Level 10.8 Short Blades
 * Level 18.3 Dodging
 * Level 20.0 Stealth
 * Level 15.7 Spellcasting
 + Level 7.4 Conjurations
 + Level 12.1 Hexes
 + Level 12.3 Charms
 + Level 6.2 Summonings
 + Level 8.3 Ice Magic
 - Level 4.8 Invocations


You had 12 spell levels left.
You knew the following spells:

 Your Spells              Type           Power        Failure   Level  Hunger
a - Corona                Hex            ######.      1%          1    None
b - Ensorcelled Hibernat  Hex/Ice        ######       1%          2    None
c - Confuse               Hex            ######..     1%          3    None
d - Tukima's Dance        Hex            ######..     1%          3    None
e - Dazzling Spray        Conj/Hex       #####...     1%          3    None
f - Freeze                Ice            ####         1%          1    None
g - Throw Frost           Conj/Ice       #####.       1%          2    None
h - Ozocubu's Armour      Chrm/Ice       ######..     1%          3    None
i - Condensation Shield   Ice            #####.....   1%          4    None
j - Throw Icicle          Conj/Ice       #####...     1%          4    None
k - Summon Ice Beast      Ice/Summ       #####...     2%          4    None


Dungeon Overview and Level Annotations

Branches:
Dungeon (1/1)

Altars:
Cheibriados
Dithmenos
Elyvilon
Fedhas
Gozag
Kikubaaqudgha
Makhleb
Nemelex Xobeh
Okawaru
Qazlal
Ru
Sif Muna
Trog
Vehumet
Xom
Yredelemnul
Zin
The Shining One
Jiyva
Lugonu

Shops:
D :[


Innate Abilities, Weirdness & Mutations

You are tiny and cannot use many weapons and most armour.
You have supernaturally acute eyesight.
You are a herbivore.
You cover ground extremely quickly.
You need consume almost no food.
You are surrounded by a moderate repulsion field (EV +3).
You are very agile. (Dex +4)
You are dopey. (Int -2)
Your flesh is heat resistant.


Message History

Confirm with . or Enter, or press ? or * to list all spells.
Aiming: Ensorcelled Hibernation
Press: ? - help, Shift-Dir - straight line, f/p - anaconda
Aim: an anaconda (umbra, chance to defeat MR: 55%)
The anaconda is unaffected.
The anaconda closely misses you. The anaconda completely misses you.
The anaconda closely misses you. The anaconda completely misses you.
Casting: Ensorcelled Hibernation
Confirm with . or Enter, or press ? or * to list all spells.
Aiming: Ensorcelled Hibernation
Press: ? - help, Shift-Dir - straight line, f/p - anaconda
Aim: an anaconda (umbra, chance to defeat MR: 55%)
The anaconda is unaffected.
Your shadow mimicks your spell!
The anaconda is unaffected.
The anaconda completely misses you. The anaconda bites you!
* * * LOW HITPOINT WARNING * * *
You emit a cloud of dark smoke.
The anaconda completely misses you. The anaconda bites you!
You die...

+≈≈≈.§≈§§§♣♣.....♣♣♣♣≈≈≈
#≈≈≈§§.§§§♣♣.≈≈≈≈+♣♣'♣≈≈
#≈≈≈≈≈.§§§§'....%#.≈♣♣♣♣
#≈≈≈§≈§§§§♣♣♣♣♣♣♣#..♣♣
#≈≈≈≈.≈§§≈♣ ###+♣♣♣
##+####'#######♣
♣♣♣♣.##.
...............♣♣
♣%..##.#
#+#############'♣
♣♣.##.## #≈...SS@§§...♣
♣..#.##
.+≈≈..§########♣♣
♣♣.##.#
J.#≈≈≈...........♣
♣♣.##.#
J.#≈≈≈≈..S.......♣
♣%....# #
###########'############
#...........##
#...%..%.....#
###########..#
##§§§§%%.....#


You could see 2 anacondas.

Vanquished Creatures
  Maud (D)
  2 hydras (D)
  An anaconda (D)
  Erolcha (D)
  4 death yaks (D)
  3 death drakes (D)
  A spriggan druid (D)
  A lindwurm (D)
  5 black mambas (D)
  A komodo dragon (D)
  2 spiny frogs (D)
  A fire drake (D)
  A queen bee (D)
  A deep elf priest (D)
  3 wandering mushrooms (D)
  8 blink frogs (D)
  2 trapdoor spiders (D)
  2 spriggans (D)
  A shadow (D)
  4 redbacks (D)
  A spatial vortex (D)
  2 hill giants (D)
  4 water moccasins (D)
  A necrophage (D)
  A swamp drake (D)
  A swamp dragon skeleton (D)
  3 two-headed ogres (D)
  2 brain worms (D)
  A water elemental (D)
  32 killer bees (D)
  A scorpion (D)
  An electric eel (D)
  A wizard (D)
  A jelly (D)
  A necromancer (D)
  3 humans (D)
  A kobold demonologist (D)
  5 adders (D)
  2 oozes (D)
  2 rats (D)
  A plant (D)
112 creatures vanquished.

Vanquished Creatures (collateral kills)
  Rupert (D)
1 creature vanquished.

Vanquished Creatures (others)
  2 draconian scorchers (D)
  3 yaktaurs (D)
  9 plants (D)
14 creatures vanquished.

Grand Total: 127 creatures vanquished

Notes
Turn   | Place    | Note
--------------------------------------------------------------
     0 | D        | Kidiri the Spriggan Enchanter began the quest for the Orb.
     0 | D        | Reached XP level 1. HP: 9/9 MP: 5/5
     9 | D        | Reached skill level 5 in Stealth
    11 | D        | Reached XP level 2. HP: 13/13 MP: 5/7
    21 | D        | Learned a level 2 spell: Ensorcelled Hibernation
    31 | D        | Killed a yaktaur
    64 | D        | Noticed a scorpion
    67 | D        | Killed a scorpion
    67 | D        | Reached skill level 5 in Dodging
    67 | D        | Reached skill level 7 in Stealth
    67 | D        | Reached skill level 1 in Ice Magic
    67 | D        | Reached XP level 3. HP: 16/16 MP: 8/10
    91 | D        | Learned a level 3 spell: Confuse
    95 | D        | Learned a level 3 spell: Tukima's Dance
   122 | D        | Reached skill level 5 in Spellcasting
   122 | D        | Reached XP level 4. HP: 21/21 MP: 9/12
   139 | D        | Gained mutation: You are surrounded by a mild repulsion field (EV +2). [potion of mutation]
   139 | D        | Gained mutation: You are surrounded by a moderate repulsion field (EV +3). [potion of mutation]
   139 | D        | Gained mutation: You are agile. (Dex +2) [potion of mutation]
   140 | D        | Gained mutation: You are very agile. (Dex +4) [potion of mutation]
   140 | D        | Gained mutation: You are dopey. (Int -2) [potion of mutation]
   140 | D        | Gained mutation: Your flesh is heat resistant. [potion of mutation]
   145 | D        | Learned a level 3 spell: Dazzling Spray
   159 | D        | Noticed a water elemental
   170 | D        | Killed a water elemental
   170 | D        | Reached skill level 8 in Stealth
   170 | D        | Reached skill level 1 in Conjurations
   170 | D        | Reached skill level 5 in Hexes
   239 | D        | Killed a white draconian scorcher
   264 | D        | Killed a white draconian scorcher
   399 | D        | Noticed a jelly
   400 | D        | Noticed a shadow
   402 | D        | Killed a shadow
   402 | D        | Reached skill level 10 in Stealth
   402 | D        | Reached XP level 5. HP: 24/24 MP: 13/15
   402 | D        | Reached XP level 6. HP: 28/28 MP: 14/17
   406 | D        | Killed a jelly
   424 | D        | Found a stormy altar of Qazlal.
   425 | D        | Found a sacrificial altar of Ru.
   425 | D        | Found a burning altar of Makhleb.
   425 | D        | Found a viscous altar of Jiyva.
   425 | D        | Found a shimmering altar of Xom.
   425 | D        | Found a shadowy altar of Dithmenos.
   425 | D        | Found a sparkling altar of Nemelex Xobeh.
   425 | D        | Found a corrupted altar of Lugonu.
   425 | D        | Found an opulent altar of Gozag.
   425 | D        | Noticed a spatial vortex
   429 | D        | Became a worshipper of Dithmenos the Shadowed
   806 | D        | Killed a spatial vortex
   806 | D        | Reached skill level 5 in Short Blades
   806 | D        | Reached skill level 11 in Stealth
   806 | D        | Reached skill level 1 in Invocations
   925 | D        | Found a radiant altar of Vehumet.
   926 | D        | Found a deep blue altar of Sif Muna.
   926 | D        | Found an ancient bone altar of Kikubaaqudgha.
   926 | D        | Noticed a wizard
   927 | D        | Killed a wizard
   933 | D        | Killed a yaktaur
   941 | D        | Learned a level 1 spell: Freeze
   944 | D        | Learned a level 2 spell: Throw Frost
   948 | D        | Learned a level 3 spell: Ozocubu's Armour
   960 | D        | Found a glowing silver altar of Zin.
   961 | D        | Found a glowing golden altar of the Shining One.
   961 | D        | Found a white marble altar of Elyvilon.
   961 | D        | Noticed a deep elf priest
   971 | D        | Killed a deep elf priest
   971 | D        | Reached skill level 10 in Dodging
   971 | D        | Reached skill level 12 in Stealth
   971 | D        | Reached XP level 7. HP: 22/32 MP: 7/20
  1077 | D        | Learned a level 4 spell: Condensation Shield
  1080 | D        | Found an iron altar of Okawaru.
  1081 | D        | Found a bloodstained altar of Trog.
  1081 | D        | Noticed a human
  1081 | D        | Noticed a human
  1083 | D        | Killed a human
  1086 | D        | Killed a human
  1108 | D        | Found a snail-covered altar of Cheibriados.
  1108 | D        | Noticed a necrophage
  1109 | D        | Found a basalt altar of Yredelemnul.
  1109 | D        | Found a blossoming altar of Fedhas.
  1109 | D        | Noticed a necromancer
  1110 | D        | Killed a necrophage
  1110 | D        | Reached XP level 8. HP: 36/36 MP: 22/22
  1111 | D        | Killed a necromancer
  1111 | D        | Acquired Dithmenos's first power
  1131 | D        | Learned a level 4 spell: Throw Icicle
  1136 | D        | Noticed a two-headed ogre
  1136 | D        | Noticed a two-headed ogre
  1140 | D        | Killed a two-headed ogre
  1142 | D        | Killed a two-headed ogre
  1145 | D        | Noticed a two-headed ogre
  1146 | D        | Killed a two-headed ogre
  1146 | D        | Acquired Dithmenos's second power
  1146 | D        | Reached skill level 13 in Stealth
  1146 | D        | Reached skill level 10 in Spellcasting
  1152 | D        | Noticed a hill giant
  1155 | D        | Killed a hill giant
  1161 | D        | Noticed a hill giant
  1161 | D        | Noticed Erolcha
  1163 | D        | Killed Erolcha
  1163 | D        | Reached skill level 14 in Stealth
  1163 | D        | Reached skill level 5 in Charms
  1163 | D        | Reached skill level 5 in Ice Magic
  1163 | D        | Reached XP level 9. HP: 39/39 MP: 24/24
  1164 | D        | Killed a hill giant
  1173 | D        | Noticed a redback
  1176 | D        | Killed a redback
  1213 | D        | Noticed a trapdoor spider
  1216 | D        | Killed a trapdoor spider
  1228 | D        | Noticed a trapdoor spider
  1229 | D        | Killed a trapdoor spider
  1229 | D        | Acquired Dithmenos's third power
  1238 | D        | Killed a yaktaur
  1296 | D        | Learned a level 4 spell: Summon Ice Beast
  1296 | D        | Noticed a queen bee
  1296 | D        | Noticed a killer bee
  1296 | D        | Noticed a killer bee
  1296 | D        | Noticed a killer bee
  1296 | D        | Noticed a killer bee
  1296 | D        | Noticed a killer bee
  1296 | D        | Noticed a killer bee
  1296 | D        | Noticed a killer bee
  1296 | D        | Noticed a killer bee
  1296 | D        | Noticed a killer bee
  1296 | D        | Noticed a killer bee
  1296 | D        | Noticed a killer bee
  1296 | D        | Noticed a killer bee
  1296 | D        | Noticed a killer bee
  1296 | D        | Noticed a killer bee
  1297 | D        | Noticed a killer bee
  1297 | D        | Noticed a killer bee
  1297 | D        | Noticed a killer bee
  1297 | D        | Noticed a killer bee
  1297 | D        | Noticed a killer bee
  1297 | D        | Noticed a killer bee
  1297 | D        | Noticed a killer bee
  1297 | D        | Noticed a killer bee
  1297 | D        | Noticed a killer bee
  1297 | D        | Noticed a killer bee
  1297 | D        | Noticed a killer bee
  1297 | D        | Noticed a killer bee
  1297 | D        | Noticed a killer bee
  1297 | D        | Noticed a killer bee
  1297 | D        | Noticed a killer bee
  1297 | D        | Noticed a killer bee
  1297 | D        | Noticed a killer bee
  1297 | D        | Noticed a killer bee
  1635 | D        | Killed a killer bee
  1637 | D        | Killed a killer bee
  1639 | D        | Killed a killer bee
  1641 | D        | Killed a killer bee
  1644 | D        | Killed a killer bee
  1644 | D        | Reached skill level 1 in Summonings
  1764 | D        | Killed a killer bee
  1764 | D        | Acquired Dithmenos's fourth power
  1768 | D        | Killed a queen bee
  1773 | D        | Killed a killer bee
  1776 | D        | Killed a killer bee
  1780 | D        | Killed a killer bee
  1783 | D        | Killed a killer bee
  1783 | D        | Reached skill level 15 in Stealth
  1785 | D        | Killed a killer bee
  1787 | D        | Killed a killer bee
  1789 | D        | Killed a killer bee
  1791 | D        | Killed a killer bee
  1958 | D        | Killed a killer bee
  1963 | D        | Killed a killer bee
  1967 | D        | Killed a killer bee
  1969 | D        | Killed a killer bee
  1971 | D        | Killed a killer bee
  1973 | D        | Killed a killer bee
  1975 | D        | Killed a killer bee
  1977 | D        | Killed a killer bee
  1981 | D        | Killed a killer bee
  1981 | D        | Reached skill level 5 in Conjurations
  1981 | D        | Reached XP level 10. HP: 34/44 MP: 4/26
  1984 | D        | Killed a killer bee
  2133 | D        | Killed a killer bee
  2146 | D        | Killed a killer bee
  2147 | D        | Killed a killer bee
  2162 | D        | Killed a killer bee
  2174 | D        | Killed a killer bee
  2176 | D        | Killed a killer bee
  2178 | D        | Killed a killer bee
  2180 | D        | Killed a killer bee
  2360 | D        | Noticed a wandering mushroom
  2361 | D        | Noticed a wandering mushroom
  2361 | D        | Noticed a wandering mushroom
  2362 | D        | Killed a wandering mushroom
  2364 | D        | Killed a wandering mushroom
  2365 | D        | Killed a wandering mushroom
  2407 | D        | Noticed a spiny frog
  2407 | D        | Noticed a komodo dragon
  2407 | D        | Noticed a spiny frog
  2414 | D        | Killed a spiny frog
  2418 | D        | Killed a spiny frog
  2418 | D        | Reached skill level 16 in Stealth
  2421 | D        | Killed a komodo dragon
  2502 | D        | Noticed a redback
  2504 | D        | Killed a redback
  2505 | D        | Noticed a brain worm
  2508 | D        | Killed a brain worm
  2514 | D        | Noticed a brain worm
  2516 | D        | Killed a brain worm
  2522 | D        | Noticed a lindwurm
  2524 | D        | Noticed a redback
  2525 | D        | Killed a lindwurm
  2525 | D        | Reached skill level 15 in Dodging
  2525 | D        | Reached skill level 10 in Hexes
  2527 | D        | Killed a redback
  2531 | D        | Noticed a redback
  2532 | D        | Killed a redback
  2533 | D        | Noticed Maud
  2536 | D        | Killed Maud
  2536 | D        | Reached skill level 17 in Stealth
  2536 | D        | Reached XP level 11. HP: 47/47 MP: 27/29
  2541 | D        | Noticed an electric eel
  2542 | D        | Noticed a five-headed hydra
  2542 | D        | Noticed a five-headed hydra
  2545 | D        | Killed an electric eel
  2547 | D        | Killed a five-headed hydra
  2547 | D        | Reached skill level 10 in Charms
  2548 | D        | Killed a five-headed hydra
  2564 | D        | Noticed a death drake
  2567 | D        | Killed a death drake
  2577 | D        | Found a blossoming altar of Fedhas.
  2577 | D        | Noticed a spriggan
  2577 | D        | Noticed a spriggan druid
  2577 | D        | Noticed a spriggan
  2580 | D        | Killed a spriggan druid
  2581 | D        | Killed a spriggan
  2582 | D        | Killed a spriggan
  2634 | D        | Noticed a death drake
  2636 | D        | Killed a death drake
  2636 | D        | Reached skill level 18 in Stealth
  2715 | D        | Noticed a swamp dragon skeleton
  2715 | D        | Noticed a death drake
  2716 | D        | Found Ocenougo's Book Emporium.
  2716 | D        | Found Xionuwn's Antique Armour Shop.
  2716 | D        | Noticed a swamp dragon skeleton
  2717 | D        | Killed a swamp dragon skeleton
  2722 | D        | Killed a death drake
  2775 | D        | Noticed a swamp drake
  2775 | D        | Noticed a fire drake
  2776 | D        | Killed a fire drake
  2778 | D        | Killed a swamp drake
  2793 | D        | Noticed a blink frog
  2794 | D        | Noticed a blink frog
  2794 | D        | Noticed a blink frog
  2794 | D        | Noticed a blink frog
  2794 | D        | Noticed a blink frog
  2796 | D        | Killed a blink frog
  2797 | D        | Killed a blink frog
  2797 | D        | Reached skill level 5 in Summonings
  2799 | D        | Killed a blink frog
  2801 | D        | Killed a blink frog
  2807 | D        | Killed a blink frog
  2882 | D        | Noticed Rupert
  2901 | D        | Killed Rupert
  2901 | D        | Reached skill level 10 in Short Blades
  3042 | D        | Noticed a death yak
  3043 | D        | Noticed a death yak
  3043 | D        | Noticed a blink frog
  3044 | D        | Noticed an azure jelly
  3044 | D        | Noticed a death yak
  3044 | D        | Noticed an azure jelly
  3044 | D        | Noticed a blink frog
  3044 | D        | Noticed a death yak
  3045 | D        | Noticed a blink frog
  3057 | D        | Killed a death yak
  3057 | D        | Reached skill level 19 in Stealth
  3057 | D        | Reached skill level 15 in Spellcasting
  3057 | D        | Reached XP level 12. HP: 43/51 MP: 7/32
  3167 | D        | Killed a blink frog
  3170 | D        | Noticed a black mamba
  3171 | D        | Noticed a black mamba
  3175 | D        | Killed a death yak
  3181 | D        | Killed a death yak
  3185 | D        | Killed a death yak
  3191 | D        | Killed a black mamba
  3307 | D        | Killed a blink frog
  3316 | D        | Killed a blink frog
  3324 | D        | Killed a black mamba
  3341 | D        | Noticed a black mamba
  3341 | D        | Noticed a water moccasin
  3341 | D        | Noticed a water moccasin
  3343 | D        | Killed a water moccasin
  3345 | D        | Killed a black mamba
  3347 | D        | Killed a water moccasin
  3359 | D        | Noticed an anaconda
  3359 | D        | Noticed a black mamba
  3359 | D        | Noticed a water moccasin
  3366 | D        | Killed a water moccasin
  3404 | D        | Noticed a black mamba
  3405 | D        | Killed an anaconda
  3406 | D        | Killed a black mamba
  3407 | D        | Killed a black mamba
  3428 | D        | Noticed a water moccasin
  3428 | D        | Noticed an anaconda
  3428 | D        | Noticed an anaconda
  3428 | D        | Noticed a water moccasin
  3428 | D        | Noticed a black mamba
  3429 | D        | Noticed an anaconda
  3430 | D        | Killed a water moccasin
  3431 | D        | Reached skill level 20 in Stealth
  3471 | D        | Mangled by an anaconda

Vault maps used:
D:        dungeon_sprint_mu

Action                   |  1- 3 |  4- 6 |  7- 9 | 10-12 || total
-------------------------+-------+-------+-------+-------++-------
Melee: Dagger            |     7 |    25 |    37 |   170 ||   239
 Cast: Ensorcelled Hiber |     2 |       |    30 |    33 ||    65
       Dazzling Spray    |       |    11 |     8 |    29 ||    48
       Confuse           |       |     3 |     1 |     3 ||     7
       Tukima's Dance    |       |     1 |       |     3 ||     4
Invok: Shadow Step       |       |       |     1 |    10 ||    11
  Use: Scroll            |       |     5 |       |       ||     5
       Potion            |       |     3 |       |       ||     3
 Stab: Sleeping          |     5 |     4 |    33 |    48 ||    90
       Confused          |       |     1 |       |       ||     1
       Invisible         |       |       |     1 |    12 ||    13
  Eat: Royal jelly       |       |       |       |     1 ||     1
